 Dungeon Crawl Stone Soup version 0.29-a0-872-g797fff5ad1 (webtiles) character file.

Game seed: 15458722463033871530

20 RevDB the Shooter (level 2, 0/16 HPs)
             Began as a Deep Elf Arcane Marksman on July 18, 2022.
             Slain by Crazy Yiuf
             ... wielding a +4 quarterstaff of chaos
              (16 damage)
             ... on level 2 of the Dungeon.
             The game lasted 00:08:56 (910 turns).

RevDB the Shooter (Deep Elf Arcane Marksman)         Turns: 910, Time: 00:08:56

Health: 0/16       AC:  2    Str:  7    XL:     2   Next: 58%
Magic:  4/6        EV: 12    Int: 17    God:
Gold:   65         SH:  0    Dex: 15    Spells: 3/4 levels left

rFire   . . .      SeeInvis .   a - +0 sling
rCold   . . .      Faith    .   (no shield)
rNeg    . . .      Spirit   .   c - +0 robe
rPois   .          Reflect  .   (no helmet)
rElec   .          Harm     .   (no cloak)
rCorr   .          Rampage  .   (no gloves)
Will    .....                   (no boots)
Stlth   +.........              (no amulet)
HPRegen 0.05/turn               (no ring)
MPRegen 0.10/turn               (no ring)

@: no status effects
A: no striking features
a: no special abilities


You were on level 2 of the Dungeon.
You visited 1 branch of the dungeon, and saw 2 of its levels.

You collected 65 gold pieces.

Inventory:

Hand Weapons
 a - a +0 sling (weapon)
Armour
 c - a +0 robe (worn)
Scrolls
 b - a scroll of vulnerability
 d - a scroll of poison {unknown}
 f - a scroll of blinking {unknown}
 g - 3 scrolls of identify {unknown}
 i - a scroll of noise {unknown}
 k - a scroll of immolation {unknown}
Potions
 e - a potion of degeneration {unknown}
 h - a potion of attraction {unknown}
 j - a potion of brilliance {unknown}


   Skills:
 - Level 0.7 Fighting
 + Level 4.3 Ranged Weapons
 - Level 2.4 Dodging
 - Level 1.5 Spellcasting
 - Level 4.0 Hexes


You had 3 spell levels left.
You knew the following spells:

 Your Spells              Type           Power      Damage    Failure   Level
a - Slow                  Hex            56%        N/A       4%          1

Your spell library contained the following spells:

 Spells                   Type           Power      Damage    Failure   Level
 Inner Flame              Hex/Fire       8%         N/A       26%         3
 Portal Projectile        Hex/Tloc       16%        N/A       26%         3
 Cause Fear               Hex            7%         N/A       36%         4


Dungeon Overview and Level Annotations

Branches:
Dungeon (2/15)

Altars:

Annotations:
D:2 Crazy Yiuf


Message History

You clumsily bash the fungus but do no damage.
The fungus is lightly damaged.
A nearby fungus withers and dies. x2
You clumsily bash the fungus but do no damage.
You clumsily bash the fungus but do no damage.
You clumsily bash the fungus but do no damage.
The fungus begins to die.
You punch the fungus.
The fungus is lightly damaged.
You see here a +0 hammer.
You see here a +0 hammer.
Found a runed hammer and six hammers.
Found a runed translucent door.
A nearby fungus withers and dies.
You see here a +0 hammer.
Found a fine hammer.
Crazy Yiuf shouts!
You see here a +2 hammer of holy wrath.
Press: ? - help, v - describe, . - travel, g - get item Item here: a hammer.
The floor.
You see here a +0 hammer.
Found three hammers.
You see here a +0 hammer.
You open the door.
Casting: Slow (safe; 4% risk of failure)
Confirm with . or Enter, or press ? or * to list all spells.
Aiming: Slow (safe; 4% risk of failure)
Press: ? - help, Shift-Dir - straight line, f - Crazy Yiuf
Aim: Crazy Yiuf, wielding a +4 quarterstaff of chaos and wearing a +0 cloak (chance to affect: 62%) Crazy Yiuf resists with significant effort.
Crazy Yiuf closely misses you.
Casting: Slow (safe; 4% risk of failure)
Confirm with . or Enter, or press ? or * to list all spells.
Aiming: Slow (safe; 4% risk of failure)
Press: ? - help, Shift-Dir - straight line, f/p - Crazy Yiuf
Aim: Crazy Yiuf, wielding a +4 quarterstaff of chaos and wearing a +0 cloak (chance to affect: 62%) Crazy Yiuf resists with significant effort.
Crazy Yiuf cries, "Buddy tea cower!"
Crazy Yiuf hits you with a +4 quarterstaff of chaos!
Ouch! That really hurt!
You die...

##### #).)#
#)))# )))
#g# #######
♣@♣♣
#.....#
♣♣)♣
#.###.#
♣)♣♣ #.#
#.# ♣♣)♣
#.# #.##
♣♣)♣♣
#####.#
#..# ♣..)♣
......#
##.# ♣♣...♣
####### #.#
#....#
#.####....#


You could see Crazy Yiuf.

Vanquished Creatures
  A dart slug (D:1)
  A bat (D:1)
  An endoplasm (D:1)
  4 giant cockroaches
  A goblin (D:1)
  2 hobgoblins (D:1)
  3 ball pythons (D:1)
  A frilled lizard (D:1)
  2 kobolds (D:2)
16 creatures vanquished.

Vanquished Creatures (others)
  5 fungi (D:2)
5 creatures vanquished.

Grand Total: 21 creatures vanquished

Notes
Turn   | Place    | Note
-------+----------+-------------------------------------------
     0 | D:1      | RevDB the Deep Elf Arcane Marksman began the quest for the
                  | Orb.
     0 | D:1      | Reached XP level 1. HP: 11/11 MP: 5/5
   288 | D:1      | Reached XP level 2. HP: 16/16 MP: 6/6
   904 | D:2      | Found a runed translucent door.
   905 | D:2      | Noticed Crazy Yiuf
   910 | D:2      | Slain by Crazy Yiuf

Illustrated notes

Levels and vault maps discovered:
D:1:      wander_arrival_desolate, layout_loops_ring
D:2:      layout_basic, uniq_sigmund, uniq_natasha, uniq_crazy_yiuf_cottage

Skill      XL: |  1  2 |
---------------+-------+-----
Ranged Weapons | 3 4 |  4.3
Fighting       | |  0.7
Dodging        | |  2.4
Spellcasting   | |  1.5
Hexes          | |  4.0

Action                   || total
-------------------------++-------
Melee: Sling             ||     4
       Punch             ||     1
 Fire: Sling             ||    56
 Cast: Slow              ||     8
Armor: Robe              ||     3
Dodge: Dodged            ||    14

Table legend: (Time is in decaauts)
 A = Elapsed time spent in this place.
 B = Non-inter-level travel time spent in this place.
 C = Inter-level travel time spent in this place.
 D = Time resting spent in this place.
 E = Time spent auto-exploring this place.
 F = Levels seen in this place.
 G = Mean time per level.
                   A        B        C        D        E       F      G
               +--------+--------+--------+--------+--------+-----+--------+
         Total |    923 |    905 |     18 |    171 |     56 |   2 |  461.5 |
       Dungeon |    923 |    905 |     18 |    171 |     56 |   2 |  461.5 |
               +--------+--------+--------+--------+--------+-----+--------+

Top non-repeatable levels by time:
     D:1: 812 daAuts
     D:2: 111 daAuts
